 Dungeon Crawl Stone Soup version 0.32-a0-12-g7fc57aa741 (webtiles) character file.

Game seed: 14293527493098416518

130 PriceMaster the Slasher (level 4, -3/4 HPs)
             Began as a Minotaur Berserker on Jan 15, 2024.
             Was a Believer of Trog.
             Slain by Sigmund
             ... wielding a +1 scythe of protection
              (6 damage)
             ... on level 3 of the Dungeon.
             The game lasted 00:05:26 (1966 turns).

PriceMaster the Slasher (Minotaur Berserker)        Turns: 1966, Time: 00:05:26

Health: -3/4       AC:  2    Str: 24    XL:     4   Next: 90%
Magic:  3/3        EV: 13    Int:  4    God:    Trog [**....]
Gold:   73         SH:  0    Dex: 15    Spells: 3/3 levels left

rFire   . . .        q - +0 flail (heavy)
rCold   . . .        (no shield)
rNeg    . . .        e - melded +0 ring mail
rPois   .            (helmet restricted)
rElec   .            (no cloak)
rCorr   .            j - +1 Delatra's gloves {ID++}
SInv    .            (no boots)
Will    ++...        f - amulet of faith
Stlth   +            l - +6 ring of dexterity
HPRegen 1.20/turn    (no ring)
MPRegen 0.08/turn

%: faith
@: maw-form, strong-willed, on berserk cooldown, regenerating, slowed, very slow
A: devouring maw, reduced hp, horns 2, retaliatory headbutt
a: Begin Untransformation, Renounce Religion, Berserk, Trog's Hand


You were on level 3 of the Dungeon.
You worshipped Trog.
Trog was pleased with you.
You were a creature with a mouth for a stomach.
You visited 1 branch of the dungeon, and saw 3 of its levels.

You collected 121 gold pieces.
You spent 48 gold pieces at shops.

Inventory:

Hand Weapons
 a - a +0 falchion
 d - a +0 dagger
 q - a +0 heavy flail (weapon)
Armour
 b - a +0 animal skin
 e - a +0 ring mail (melded)
 j - the +1 Delatra's gloves (worn) {ID++}
   (You found it on level 2 of the Dungeon)

   ID++:      It heals its wearer when they drink unknown potions, and restores
   their MP when they read unknown scrolls.
Jewellery
 f - an amulet of faith (around neck)
 l - a +6 ring of dexterity (left hand)
Talismans
 n - a beast talisman
 t - a maw talisman (active)
Scrolls
 c - 6 scrolls of identify {unknown}
 g - a scroll of fog {unknown}
 h - 2 scrolls of blinking {unknown}
 i - a scroll of enchant weapon {unknown}
 k - 2 scrolls of amnesia {unknown}
 m - a scroll of teleportation {unknown}
 r - a scroll of poison {unknown}
 s - a scroll of fear {unknown}
Potions
 o - a potion of might
 p - a potion of curing {unknown}


   Skills:
 + Level 4.6 Fighting
 + Level 5.2 Long Blades
 + Level 0.1 Maces & Flails
 + Level 3.2 Armour
 + Level 2.8 Dodging
 + Level 0.2 Stealth


You had 3 spell levels left.
You didn't know any spells.
Your spell library was empty.

Dungeon Overview and Level Annotations

Branches:
Dungeon (3/15)

Altars:
Xom

Shops:
D:1 [:   D:3 !

Annotations:
D:3 Sigmund


Innate Abilities, Weirdness & Mutations

You are a creature with a mouth for a stomach.
Your midsection houses a second, enormous mouth.
Your maximum health is decreased, since you lack skill for your form.
You have a pair of horns on your head.
You reflexively headbutt those who attack you in melee.


Message History

You are too berserk!
Hit: q) +0 flail (heavy)
Press: ? - help, Dir - move target, f - you
Okay, then.
A jackal comes into view.
The jackal barks!
The jackal barely misses you.
You see here a jackal corpse.
You sock the jackal!
You devour the jackal!
You feel better.
You kill the jackal!
Trog accepts your kill.
You are no longer berserk.
You are exhausted.
You feel yourself slow down.
A jackal comes into view.
Sigmund misses you. The jackal barely misses you. You furiously retaliate!
You headbutt the jackal, but do no damage.
Hit: q) +0 flail (heavy)
Press: ? - help, Dir - move target, f - jackal
Aim: a jackal (about 50% to evade your +0 heavy flail)
Okay, then.
There are monsters nearby!
The jackal bites you but does no damage.
Sigmund looks at you with fury. Sigmund barely misses you.
The jackal bites you but does no damage.
You begin untransforming.
You continue untransforming.
The jackal closely misses you. Sigmund misses you. The jackal bites you.
You continue untransforming.
HP restored.
The jackal barely misses you.
Sigmund hits you from afar with a +1 scythe of protection.
Ouch! That really hurt!
* * * LOW HITPOINT WARNING * * *
The jackal bites you but does no damage.
You continue untransforming.
The jackal barely misses you.
Sigmund hits you from afar with a +1 scythe of protection.
Ouch! That really hurt!
You die...
Sigmund begins carving another notch in his scythe.

♣≈≈..♣#....#
≈≈...##....# #.
≈...##.....####.#
...##...........#
..##............#
.##.............#
##..............#
#...........###.####.#
................Wh@..#
..............).##h.##
##.............## ..#
##............# .#
#.........#### .#
###........## ..
...........# .
...........##
............#


You could see Sigmund and 2 jackals.

Vanquished Creatures
  Terence (D:3)
  3 adders
  A dart slug (D:3)
  A ribbon worm (D:3)
  4 orcs (D:3)
  7 bats
  4 endoplasms
  5 giant cockroaches
  7 goblins
  8 hobgoblins
  2 jackals (D:3)
  4 kobolds
  2 quokkas (D:1)
  10 ball pythons
  5 frilled lizards
  5 rats
69 creatures vanquished.

Notes
Turn   | Place    | Note
-------+----------+-------------------------------------------
     0 | D:1      | PriceMaster the Minotaur Berserker began the quest for the
                  | Orb.
     0 | D:1      | Reached XP level 1. HP: 19/19 MP: 0/0
   103 | D:1      | Reached XP level 2. HP: 27/27 MP: 1/1
   199 | D:1      | Found Peher's Armour Boutique.
   211 | D:1      | Reached skill level 4 in Long Blades
   354 | D:1      | Found Zuakot's Book Shop.
   460 | D:1      | Reached ** piety under Trog
   465 | D:1      | Reached XP level 3. HP: 16/33 MP: 2/2
   735 | D:2      | Found the +1 Delatra's gloves {ID++}
   852 | D:2      | Found a faded altar of an unknown god.
  1303 | D:3      | Found Rameal's Distillery.
  1310 | D:3      | Reached XP level 4. HP: 41/41 MP: 3/3
  1338 | D:3      | Bought a potion of might for 48 gold pieces
  1401 | D:3      | Noticed Terence
  1409 | D:3      | Killed Terence
  1410 | D:3      | Reached skill level 5 in Long Blades
  1685 | D:3      | Found a shimmering altar of Xom.
  1960 | D:3      | Noticed Sigmund
  1966 | D:3      | Slain by Sigmund

Illustrated notes

Levels and vault maps discovered:
D:1:      lightli_arrival_isolated_outpost, layout_loops_ring, serial_shops,
          shop_fountains, shop, minmay_stone_trees_medium
D:2:      layout_basic, basic_ecumenical_altar, minmay_misc_feat_chi
D:3:      layout_basic, amcnicky_altar_gilded, serial_shops,
          nicolae_shop_hallway_plus, kennysheep_donut, grunt_ministairs_4,
          uniq_sigmund, uniq_terence

Skill      XL: |  1  2  3  4 |
---------------+-------------+-----
Long Blades    | 4 5 |  5.2
Fighting       | 4 |  4.6
Armour         | 3 |  3.2
Maces & Flails | |  0.1
Dodging        | |  2.8
Stealth        | |  0.2

Action                     |  1- 3 |  4- 6 || total
---------------------------+-------+-------++-------
  Melee: Falchion          |    92 |    21 ||   113
         Headbutt          |     9 |     4 ||    13
         Punch             |     1 |     1 ||     2
         Flail             |       |    23 ||    23
         Maw               |       |     1 ||     1
 Invoke: Berserk           |     4 |     3 ||     7
         Trog's Hand       |     2 |     3 ||     5
 Armour: Animal skin       |     7 |       ||     7
         Ring mail         |    50 |    42 ||    92
         Skin              |       |    10 ||    10
  Dodge: Dodged            |    59 |    41 ||   100
   Form: Beast             |     5 |       ||     5
                           |     4 |     1 ||     5
         Maw               |       |     1 ||     1

Table legend: (Time is in decaauts)
 A = Elapsed time spent in this place.
 B = Non-inter-level travel time spent in this place.
 C = Inter-level travel time spent in this place.
 D = Time resting spent in this place.
 E = Time spent auto-exploring this place.
 F = Levels seen in this place.
 G = Mean time per level.
                   A        B        C        D        E       F      G
               +--------+--------+--------+--------+--------+-----+--------+
         Total |   2061 |   2025 |     36 |      0 |   1465 |   3 |  687.0 |
       Dungeon |   2061 |   2025 |     36 |      0 |   1465 |   3 |  687.0 |
               +--------+--------+--------+--------+--------+-----+--------+

Top non-repeatable levels by time:
     D:1: 765 daAuts
     D:3: 715 daAuts
     D:2: 580 daAuts
